[Event "Titled Tuesday Blitz February 28 Early 2023"]
[White "Alex_Sahakyan2006"]
[Black "Qashashvili, Alexandre"]
[BlackFideId "13600842"]
[WhiteElo "2645"]
[BlackElo "2405"]
[Result "1-0"]
[Round "01"]
[TimeControl "180+2"]
[Date "2023.02.28"]
[WhiteClock "0:00:10"]
[BlackClock "0:00:17"]

1. Nf3 c6 2. c4 d5 3. e3 Nf6 4. Nc3 Bf5 5. cxd5 Nxd5 6. d4 e6 7. Bd3 Bxd3 8. Qxd3 Nd7 9. O-O Be7 10. Rd1 O-O 11. e4 Nxc3 12. bxc3 Qc7 13. a4 b6 14. Qe2 c5 15. d5 exd5 16. exd5 Bf6 17. Qc2 Rfe8 18. Bg5 h6 19. Bxf6 Nxf6 20. c4 Qf4 21. Re1 Re4 22. Rxe4 Qxe4 23. Qxe4 Nxe4 24. a5 bxa5 25. Rxa5 Rb8 26. h3 Rb4 27. Ne5 f6 28. Nc6 Rxc4 29. Rxa7 Rc1+ 30. Kh2 Rd1 31. f4 f5 32. Ne7+ Kf8 33. Nxf5 Rxd5 34. Nxg7 c4 35. Ne6+ Kg8 36. Rg7+ Kh8 37. Rc7 c3 38. Rc4 Rd1 39. f5 h5 40. h4 Rf1 41. Nd4 Rf2 42. Nb3 Nf6 43. Rxc3 Rxf5 44. Rf3 Ng4+ 45. Kg3 Rb5 46. Nd4 Rb4 47. Rf5 Rxd4 48. Rxh5+ Nh6 49. Rxh6+ Kg7 50. Rh5 Kg6 51. Rg5+ Kh6 52. Kh3 Rd3+ 53. g3 Rd1 54. Ra5 Rd4 55. Ra6+ Kg7 56. h5 Rb4 57. g4 Kh7 58. Kh4 Ra4 59. Rxa4 1-0


[Site "https://www.chess.com"]

[Event "Titled Tuesday Blitz February 28 Early 2023"]
[White "Lucassen, Mickey"]
[Black "Kowalczyk, Pawel"]
[WhiteFideId "12919110"]
[BlackFideId "1130641"]
[WhiteElo "2340"]
[BlackElo "2324"]
[Result "0-1"]
[Round "01"]
[TimeControl "180+2"]
[Date "2023.02.28"]
[WhiteClock "0:00:14"]
[BlackClock "0:00:25"]

1. e4 c5 2. Nc3 Nc6 3. Bb5 Nd4 4. Bc4 e6 5. Nf3 a6 6. d3 Ne7 7. O-O Nec6 8. e5 Nxf3+ 9. Qxf3 Nxe5 10. Qg3 Ng6 11. Re1 Be7 12. a4 O-O 13. Bd2 d5 14. Bb3 b6 15. Ne2 Bb7 16. Bc3 d4 17. Bd2 Bd5 18. Bxd5 Qxd5 19. Nf4 Nxf4 20. Bxf4 Rfe8 21. Re5 Qd7 22. Bh6 g6 23. Re4 f5 24. Re2 Bd6 25. Qh4 e5 26. Rae1 Re6 27. f4 Rae8 28. fxe5 Rxe5 29. Rxe5 Rxe5 30. Rxe5 Bxe5 31. b3 Kf7 32. Bf4 Bxf4 33. Qxf4 Qe7 34. Kf2 Kg7 35. h4 b5 36. axb5 axb5 37. g3 b4 38. Qf3 h6 39. h5 Kf6 40. hxg6 Kxg6 41. Kg2 h5 42. Kh3 Qe6 43. Kh4 Qf6+ 44. Kh3 Qe7 45. Qd5 Kf6 46. Kh4 Kg7+ 47. Kh3 Kg6 48. Qg8+ Kf6 49. Qh8+ Kg6 50. Qg8+ Qg7 51. Qe6+ Qf6 52. Qg8+ Kh6 53. Kg2 f4 54. gxf4 Qg6+ 55. Qxg6+ Kxg6 56. Kg3 Kf5 57. Kh4 Kxf4 58. Kxh5 Ke3 59. Kg5 Kd2 60. Kf5 Kxc2 61. Ke4 Kxb3 0-1


[Site "https://www.chess.com"]

[Event "Titled Tuesday Blitz February 28 Early 2023"]
[White "Trent, Lawrence"]
[Black "Alahakoon, Isuru"]
[WhiteFideId "408638"]
[BlackFideId "9900993"]
[WhiteElo "2458"]
[BlackElo "1995"]
[Result "1-0"]
[Round "01"]
[TimeControl "180+2"]
[Date "2023.02.28"]
[WhiteClock "0:02:17"]
[BlackClock "0:00:29"]

1. d4 d5 2. Nc3 Nf6 3. Bf4 e6 4. e3 a6 5. g4 c5 6. g5 Nfd7 7. h4 Nc6 8. Nf3 Qb6 9. Rb1 cxd4 10. exd4 Bb4 11. a3 Be7 12. Bg2 Nf8 13. h5 Qd8 14. Qd2 Bd6 15. Kf1 Ne7 16. Re1 b5 17. Ne5 Bb7 18. h6 g6 19. Ng4 Kd7 20. Bxd6 Kxd6 21. Qf4+ Kd7 22. Ne5+ Kc8 23. Nxf7 Qe8 24. Nd6+ 1-0


[Site "https://www.chess.com"]

[Event "Titled Tuesday Blitz February 28 Early 2023"]
[White "Cheng, Xiao"]
[Black "Atakhan, Abtin"]
[WhiteFideId "2022915"]
[BlackFideId "22502203"]
[WhiteElo "2334"]
[BlackElo "2189"]
[Result "0-1"]
[Round "01"]
[TimeControl "180+2"]
[Date "2023.02.28"]
[WhiteClock "0:00:26"]
[BlackClock "0:00:06"]

1. e4 c5 2. Nf3 d6 3. d4 cxd4 4. Nxd4 Nf6 5. Nc3 a6 6. Be3 e5 7. Nb3 Be7 8. f3 Be6 9. Qd2 h5 10. O-O-O Nbd7 11. Nd5 Nxd5 12. exd5 Bf5 13. Bd3 Bxd3 14. Qxd3 Bg5 15. Kb1 Bxe3 16. Qxe3 b5 17. h4 Rc8 18. Qa7 Ra8 19. Qf2 a5 20. f4 a4 21. Nd2 O-O 22. Ne4 Qc7 23. f5 a3 24. b3 Rfc8 25. g4 hxg4 26. Rhg1 Nc5 27. Nxc5 Qxc5 28. Qxc5 Rxc5 29. Rxg4 Rac8 30. Rd2 f6 31. h5 Kh7 32. Rg6 Rc3 33. h6 R8c7 34. Rh2 Kg8 35. Rhg2 Rf3 36. Rxg7+ Rxg7 37. Rxg7+ Kf8 38. Kc1 Rh3 39. Rd7 Rxh6 40. Rxd6 Ke7 41. Rb6 Rh1+ 42. Kd2 Ra1 43. Rxb5 Rxa2 44. Rb7+ Kd6 45. Rb6+ Kxd5 46. Rxf6 Ra1 47. Rf8 Ke4 48. f6 Rf1 49. Ra8 Rxf6 50. Rxa3 Kf3 51. b4+ Kf2 52. b5 e4 53. Rb3 Rd6+ 54. Kc3 e3 55. Kc4 e2 56. b6 e1=Q 57. Kc5 Qe5+ 58. Kb4 Rxb6+ 59. Ka3 Qa1# 0-1


[Site "https://www.chess.com"]

[Event "Titled Tuesday Blitz February 28 Early 2023"]
[White "Kononenko, Dmitry"]
[Black "Ipek, Egehan"]
[WhiteFideId "14113538"]
[BlackFideId "44523793"]
[WhiteElo "2206"]
[BlackElo "1948"]
[Result "1-0"]
[Round "01"]
[TimeControl "180+2"]
[Date "2023.02.28"]
[WhiteClock "0:00:23"]
[BlackClock "0:00:10"]

1. e4 c6 2. c4 d5 3. cxd5 cxd5 4. exd5 Nf6 5. Bb5+ Nbd7 6. Nc3 g6 7. Nf3 Bg7 8. O-O O-O 9. Qb3 a6 10. Be2 b5 11. a4 bxa4 12. Nxa4 Rb8 13. Qa2 Bb7 14. Nc3 Nb6 15. d4 Nfxd5 16. Bd2 e6 17. Qa5 Rc8 18. Rfc1 Nc4 19. Bxc4 Rxc4 20. Nxd5 Rxc1+ 21. Bxc1 Qxa5 22. Ne7+ Kh8 23. Rxa5 Re8 24. Nc6 Bxc6 25. Rxa6 Rc8 26. Be3 Bd5 27. h4 Kg8 28. Ra1 f6 29. b4 Bf8 30. Rb1 Rb8 31. Bd2 Bd6 32. Ne1 Kf7 33. Nd3 Be4 34. Rb3 Bxd3 35. Rxd3 Bxb4 36. Bf4 Rb6 37. d5 e5 38. Be3 Rb8 39. Kf1 Rd8 40. Rb3 Bd6 41. Rb7+ Kg8 42. Bh6 Bf8 43. Bxf8 Rxf8 44. Rd7 Rf7 45. Rd6 Kf8 46. Ke2 Ke7 47. Ra6 Kf8 48. Kd3 Rd7 49. Ke4 Kf7 50. Rb6 h6 51. g4 g5 52. h5 Kg7 53. d6 Kf7 54. Kd5 Rd8 55. Rb7+ Kf8 56. Rh7 Kg8 57. Rc7 Kf8 58. Ke6 e4 59. Rf7+ Kg8 60. Rxf6 Re8+ 61. Kf5 e3 62. fxe3 Rxe3 63. d7 Rd3 64. Ke6 Re3+ 65. Kd6 Rd3+ 66. Ke7 Kg7 67. Rd6 Re3+ 68. Re6 Rd3 69. d8=Q Rxd8 70. Kxd8 Kf7 71. Rxh6 Kg7 72. Rg6+ Kh8 73. Rxg5 Kh7 74. Rf5 Kh6 75. Rf6+ Kh7 76. Rg6 Kh8 77. Ke7 Kh7 78. Kf7 Kh8 79. Rh6# 1-0


[Site "https://www.chess.com"]

[Event "Titled Tuesday Blitz February 28 Early 2023"]
[White "Kornyukov, Alexey"]
[Black "Weetik, Vjacheslav"]
[WhiteFideId "4150457"]
[BlackFideId "4153472"]
[WhiteElo "2352"]
[BlackElo "2469"]
[Result "0-1"]
[Round "01"]
[TimeControl "180+2"]
[Date "2023.02.28"]
[WhiteClock "0:01:47"]
[BlackClock "0:00:55"]

1. e4 c6 2. d4 d5 3. e5 Bf5 4. Bd3 Bxd3 5. Qxd3 e6 6. Nf3 Qa5+ 7. Bd2 Qa6 8. O-O Qxd3 9. cxd3 Ne7 10. Nc3 h5 11. b4 Nd7 12. b5 c5 13. dxc5 Nxc5 14. d4 Nd7 15. Rac1 Nb6 16. a4 Nf5 17. Bf4 Ba3 18. Rc2 Rc8 19. Ra1 Bb4 20. Rac1 Kd7 21. Na2 Ba5 22. Ng5 Rxc2 23. Rxc2 Nxd4 24. Rc1 Ne2+ 25. Kf1 Nxf4 0-1


[Site "https://www.chess.com"]

[Event "Titled Tuesday Blitz February 28 Early 2023"]
[White "Kucuksari, Kaan"]
[Black "Prudnykova, Olga"]
[WhiteFideId "6380166"]
[BlackFideId "14121093"]
[WhiteElo "2364"]
[BlackElo "2174"]
[Result "1/2-1/2"]
[Round "01"]
[TimeControl "180+2"]
[Date "2023.02.28"]
[WhiteClock "0:00:11"]
[BlackClock "0:00:17"]

1. d4 Nf6 2. Bg5 g6 3. Bxf6 exf6 4. c4 Bg7 5. Nc3 O-O 6. g3 f5 7. Bg2 d6 8. e3 Nd7 9. Nge2 Nf6 10. O-O h5 11. h4 Ng4 12. Nf4 g5 13. Nxh5 gxh4 14. Nd5 c6 15. Ndf4 hxg3 16. Nxg3 Qh4 17. Re1 Qh2+ 18. Kf1 Re8 19. Qf3 Qh4 20. Kg1 Qh2+ 21. Kf1 Qh4 22. Qd1 Nxe3+ 23. Rxe3 Rxe3 24. fxe3 Qxg3 25. Qf3 Qxf3+ 26. Bxf3 Kf8 27. Ke2 Bd7 28. Rg1 Bh6 29. Kd3 Ke7 30. b4 Rh8 31. Rh1 Bg7 32. Rxh8 Bxh8 33. a4 a6 34. a5 Bf6 35. Ng2 Bg5 36. Ke2 Kf6 37. Nf4 Bh4 38. Nd3 Be6 39. Nb2 Bg5 40. b5 cxb5 41. Bxb7 bxc4 42. Bxa6 Kg7 43. Bxc4 Bc8 44. a6 Bd8 45. a7 Bb7 46. Bb5 Bb6 47. Nc4 Bxa7 48. Nxd6 Be4 49. Be8 f6 50. Bd7 Kg6 51. Be8+ Kg5 52. Nc8 Bb8 53. Ne7 f4 54. exf4+ Bxf4 55. Bf7 Bd6 56. Nc8 Bf8 57. d5 Bg6 58. Be6 Bf5 59. Ke3 Bxe6 60. dxe6 Kf5 61. e7 Bxe7 62. Nxe7+ Ke6 63. Ng8 f5 64. Kf4 Kf7 65. Nh6+ Ke7 66. Nxf5+ 1/2-1/2


[Site "https://www.chess.com"]

[Event "Titled Tuesday Blitz February 28 Early 2023"]
[White "Piriflillo"]
[Black "Orlov, Georgi"]
[BlackFideId "2011271"]
[WhiteElo "2326"]
[BlackElo "2635"]
[Result "0-1"]
[Round "01"]
[TimeControl "180+2"]
[Date "2023.02.28"]
[WhiteClock "0:01:13"]
[BlackClock "0:01:20"]

1. e4 c5 2. Nf3 e6 3. b3 Nf6 4. e5 Nd5 5. Bb2 Nc6 6. c4 Nb6 7. g3 Be7 8. Bg2 O-O 9. O-O f6 10. exf6 Bxf6 11. d4 d5 12. cxd5 exd5 13. Qd2 c4 14. Nc3 Bg4 15. Rfe1 Bxf3 16. Bxf3 Bxd4 17. Qe2 Qf6 18. Bxd5+ Nxd5 19. Nxd5 Qxf2+ 20. Qxf2 Bxf2+ 21. Kg2 Bxe1 22. Rxe1 cxb3 23. axb3 Rae8 24. Rxe8 Rxe8 25. Nf4 Kf7 26. Bc3 Re3 27. Bd2 Rxb3 28. Kh3 a5 29. Nd5 a4 30. Nc3 a3 31. Ne4 a2 32. Bc3 Rxc3 33. Nxc3 a1=Q 0-1


[Site "https://www.chess.com"]

[Event "Titled Tuesday Blitz February 28 Early 2023"]
[White "Skliarov, Viktor"]
[Black "Lorenzo De La Riva, Lazaro"]
[WhiteFideId "14106736"]
[BlackFideId "2268809"]
[WhiteElo "2284"]
[BlackElo "2294"]
[Result "1-0"]
[Round "01"]
[TimeControl "180+2"]
[Date "2023.02.28"]
[WhiteClock "0:00:17"]
[BlackClock "0:00:03"]

1. e4 c5 2. Nf3 Nc6 3. Bb5 e5 4. c3 Nf6 5. d4 cxd4 6. cxd4 Bb4+ 7. Bd2 Bxd2+ 8. Nbxd2 Nxd4 9. Nxd4 exd4 10. e5 Nd5 11. Nc4 O-O 12. Qxd4 Nc7 13. Nd6 Nxb5 14. Nxb5 Qa5+ 15. Nc3 Re8 16. f4 d6 17. Qxd6 Bf5 18. O-O Rad8 19. Qa3 Qb6+ 20. Kh1 Rd2 21. Rad1 Rxb2 22. Na4 Qb4 23. Qxb2 Qxa4 24. Qd4 Qa6 25. h3 h5 26. Kh2 Rc8 27. Rc1 Rxc1 28. Rxc1 Qxa2 29. Rc7 b5 30. Qd8+ Kh7 31. Qg5 g6 32. Rb7 Qd5 33. Rb8 Qe6 34. Qd8 1-0


[Site "https://www.chess.com"]

[Event "Titled Tuesday Blitz February 28 Early 2023"]
[White "Kostiukov, Alexandr"]
[Black "Mustafayev, Farid"]
[WhiteFideId "14108100"]
[BlackFideId "13408771"]
[WhiteElo "2202"]
[BlackElo "2317"]
[Result "1-0"]
[Round "01"]
[TimeControl "180+2"]
[Date "2023.02.28"]
[WhiteClock "0:00:09"]
[BlackClock "0:00:44"]

1. g3 Nf6 2. Bg2 d5 3. d3 c6 4. e4 dxe4 5. dxe4 Qxd1+ 6. Kxd1 e5 7. f3 Be6 8. Be3 Nbd7 9. Nd2 O-O-O 10. Ke2 Nb6 11. Bh3 Bxh3 12. Nxh3 h6 13. a4 Kc7 14. a5 Nc8 15. Nc4 Nd7 16. Rhd1 Be7 17. Nf2 f6 18. Nd3 Kb8 19. f4 exf4 20. Bxf4+ Ka8 21. Bc7 Rde8 22. Nf4 Nc5 23. b4 Nxe4 24. Nb6+ Nxb6 25. axb6 a6 26. Rd4 Bd6 27. Ng6 Rhg8 28. Kf3 Ng5+ 29. Kg4 Re4+ 30. Rxe4 Nxe4 31. Kf5 Bxc7 32. bxc7 Nd6+ 33. Ke6 Nc8 34. Kf7 1-0


[Site "https://www.chess.com"]

[Event "Titled Tuesday Blitz February 28 Early 2023"]
[White "Jakubowski, Krzysztof"]
[Black "Skaric, Djuro"]
[WhiteFideId "1112848"]
[BlackFideId "934569"]
[WhiteElo "2359"]
[BlackElo "2282"]
[Result "1-0"]
[Round "01"]
[TimeControl "180+2"]
[Date "2023.02.28"]
[WhiteClock "0:01:15"]
[BlackClock "0:00:28"]

1. c4 d6 2. d4 g6 3. e4 Bg7 4. Nc3 Nf6 5. f3 Nc6 6. Nge2 O-O 7. Be3 e5 8. d5 Ne7 9. g4 a6 10. Ng3 c6 11. Qd2 b5 12. h4 bxc4 13. h5 cxd5 14. exd5 Bb7 15. Bxc4 Rc8 16. b3 Qa5 17. Rc1 Rfe8 18. hxg6 fxg6 19. Nge4 Red8 20. Nxf6+ Bxf6 21. Qh2 h5 22. Bd2 Rf8 23. gxh5 Qc7 24. Qh3 g5 25. Ne4 Qd8 26. Qe6+ Kg7 27. h6+ Kg6 28. Nxf6 Rxf6 29. Bd3+ e4 30. Bxe4+ Nf5 31. Bxf5# 1-0


[Site "https://www.chess.com"]

[Event "Titled Tuesday Blitz February 28 Early 2023"]
[White "Sovetbekova, Nurai"]
[Black "Vlassov, Nikolai"]
[WhiteFideId "13801910"]
[BlackFideId "4103360"]
[WhiteElo "1857"]
[BlackElo "2324"]
[Result "0-1"]
[Round "01"]
[TimeControl "180+2"]
[Date "2023.02.28"]
[WhiteClock "0:00:02"]
[BlackClock "0:00:03"]

1. d4 Nf6 2. c4 Nc6 3. Nc3 e5 4. d5 Ne7 5. e4 Ng6 6. Nf3 Bc5 7. Be2 O-O 8. O-O d6 9. Ne1 a5 10. Nd3 Ba7 11. Kh1 c6 12. a3 cxd5 13. cxd5 Bd7 14. b4 axb4 15. axb4 Bb6 16. Rxa8 Qxa8 17. Bb2 Rc8 18. Qb3 Bd4 19. f3 Qa7 20. Ra1 Qb6 21. Na4 Bxa4 22. Rxa4 Bxb2 23. Qxb2 Qe3 24. Ra1 Nh5 25. Bf1 Nhf4 26. Rc1 Rxc1 27. Qxc1 Qxc1 28. Nxc1 f5 29. exf5 Ne7 30. Nd3 Nfxd5 31. b5 Nxf5 32. Kg1 Kf7 33. Kf2 Ke6 34. Ke2 Nd4+ 35. Kd2 Nxb5 36. Nc5+ dxc5 37. Bxb5 Nf4 38. g3 Nh3 39. Ke3 Ng5 40. Bc4+ Kd6 41. Bg8 h6 42. f4 exf4+ 43. gxf4 Ne6 44. Ke4 b5 45. f5 Ng5+ 46. Kf4 c4 47. h4 Nh3+ 48. Kg3 Ng1 49. Kf2 Ke5 50. Be6 Nh3+ 51. Kg3 Nf4 52. Bd7 b4 53. Bb5 b3 54. Bxc4 b2 55. Ba2 Ne2+ 56. Kf2 Nc3 57. f6 gxf6 0-1


[Site "https://www.chess.com"]

[Event "Titled Tuesday Blitz February 28 Early 2023"]
[White "Diaz Perez, Michel Alejandro"]
[Black "Delgado Rosas, Fatima Alexandra"]
[WhiteFideId "3517179"]
[BlackFideId "6603963"]
[WhiteElo "2333"]
[BlackElo "2318"]
[Result "1-0"]
[Round "01"]
[TimeControl "180+2"]
[Date "2023.02.28"]
[WhiteClock "0:01:05"]
[BlackClock "0:00:31"]

1. Nf3 Nf6 2. c4 e6 3. e3 d5 4. b3 Be7 5. Bb2 O-O 6. Qc2 b6 7. Bd3 Nbd7 8. g4 Bb7 9. cxd5 exd5 10. g5 Ne4 11. h4 Ndc5 12. Be2 a5 13. a3 Re8 14. d3 Nd6 15. Nbd2 Qd7 16. h5 Ba6 17. h6 Bf8 18. hxg7 Bxg7 19. Bxg7 Kxg7 20. O-O-O a4 21. b4 Nb3+ 22. Nxb3 axb3 23. Qxb3 Bb5 24. Qb2+ Kg8 25. Rxh7 Kxh7 26. Rh1+ Kg6 27. Qf6# 1-0


[Site "https://www.chess.com"]

[Event "Titled Tuesday Blitz February 28 Early 2023"]
[White "Wilson, Elvin"]
[Black "Seemann, Jakub"]
[WhiteFideId "2014874"]
[BlackFideId "21874697"]
[WhiteElo "2311"]
[BlackElo "2364"]
[Result "0-1"]
[Round "01"]
[TimeControl "180+2"]
[Date "2023.02.28"]
[WhiteClock "0:00:03"]
[BlackClock "0:00:16"]

1. c4 c6 2. g3 d5 3. Nf3 Nf6 4. Bg2 dxc4 5. O-O h6 6. Na3 Be6 7. Qc2 b5 8. b3 cxb3 9. axb3 Bd5 10. d3 e5 11. Nxe5 Bxg2 12. Kxg2 Qd5+ 13. Nf3 Be7 14. e4 Qd7 15. Bb2 O-O 16. Rfc1 c5 17. Ne5 Qe8 18. Qe2 Nc6 19. Nf3 a6 20. Nc2 Qd7 21. Ne3 Rfd8 22. Rd1 Ng4 23. Nf5 Bf6 24. h3 Bxb2 25. Qxb2 Nf6 26. Nxh6+ Kf8 27. Nf5 Qe6 28. Qc2 Nd7 29. Qc1 Nce5 30. Qg5 Qf6 31. Qh5 g6 32. Qh6+ Kg8 33. N5h4 Nxf3 34. Nxf3 Ne5 35. Nxe5 Qxe5 36. h4 Rd6 37. Qe3 Rad8 38. Rac1 Rd4 39. Rc3 c4 40. bxc4 bxc4 41. Rd2 Qd6 42. e5 Qd5+ 43. Qf3 Qxf3+ 44. Kxf3 Rxd3+ 45. Rcxd3 cxd3 46. Ke3 Rd5 47. f4 Kg7 48. Rxd3 Ra5 49. Rd7 Kf8 50. Ra7 Ra3+ 51. Kf2 a5 52. Kg2 a4 53. Kh3 Ra1 54. Kg4 Kg8 55. Kg5 a3 56. Kf6 a2 0-1


[Site "https://www.chess.com"]

[Event "Titled Tuesday Blitz February 28 Early 2023"]
[White "Carnicelli, Valerio"]
[Black "Antonio, Jorge Carlos"]
[WhiteFideId "856185"]
[BlackFideId "113190"]
[WhiteElo "2306"]
[BlackElo "2247"]
[Result "1-0"]
[Round "01"]
[TimeControl "180+2"]
[Date "2023.02.28"]
[WhiteClock "0:00:29"]
[BlackClock "0:01:34"]

1. b3 e5 2. Bb2 Nc6 3. e3 d5 4. c4 d4 5. exd4 exd4 6. d3 Bb4+ 7. Nd2 Nf6 8. Be2 O-O 9. Nf3 Qe7 10. O-O Re8 11. Re1 Bg4 12. Kf1 Rad8 13. a3 Bc3 14. Qc1 Bxf3 15. Bxf3 Qxe1+ 16. Qxe1 Rxe1+ 17. Kxe1 Bxb2 18. Ra2 Bc3 19. b4 Bxd2+ 20. Kxd2 Ne5 21. Be2 b6 22. h3 c5 23. bxc5 bxc5 24. Rb2 Nfd7 25. f4 Nc6 26. Bf3 Ne7 27. Rb7 f6 28. Rxa7 Nf5 29. Bd5+ Kf8 30. Be6 Ke7 31. Bxf5 g6 32. Bxd7 Rxd7 33. Rxd7+ Kxd7 34. g4 Kc6 35. f5 g5 36. Ke2 Kb6 37. Kf3 Ka5 38. Ke4 Ka4 39. Kd5 Kxa3 40. Kxc5 Kb3 41. Kxd4 Kb4 42. c5 1-0


[Site "https://www.chess.com"]

[Event "Titled Tuesday Blitz February 28 Early 2023"]
[White "Vifleemskaia, Svetlana"]
[Black "Han, Yichen"]
[WhiteFideId "4129490"]
[BlackFideId "1054430"]
[WhiteElo "1930"]
[BlackElo "2342"]
[Result "0-1"]
[Round "01"]
[TimeControl "180+2"]
[Date "2023.02.28"]
[WhiteClock "0:00:28"]
[BlackClock "0:02:04"]

1. d4 d5 2. c4 e6 3. Nc3 c5 4. cxd5 cxd4 5. Qxd4 Nc6 6. Qa4 exd5 7. Nf3 d4 8. Nb5 Bb4+ 9. Bd2 Bxd2+ 10. Kxd2 a6 11. Nbxd4 b5 12. Qc2 Nxd4 13. Qe4+ Ne6+ 14. Kc2 Qc7+ 15. Kd1 Bb7 0-1


[Site "https://www.chess.com"]

[Event "Titled Tuesday Blitz February 28 Early 2023"]
[White "Alvarez Calzadilla, Jose Avelino"]
[Black "MunichMouse"]
[WhiteFideId "3526151"]
[WhiteElo "2310"]
[BlackElo "2308"]
[Result "1-0"]
[Round "01"]
[TimeControl "180+2"]
[Date "2023.02.28"]
[WhiteClock "0:00:29"]
[BlackClock "0:00:36"]

1. d4 Nf6 2. Nf3 g6 3. Bg5 Bg7 4. Nbd2 d5 5. e3 h6 6. Bh4 O-O 7. c4 c6 8. Be2 Nbd7 9. O-O Qe8 10. Rc1 e5 11. dxe5 Nxe5 12. Bxf6 Bxf6 13. cxd5 cxd5 14. b3 Bf5 15. Nxe5 Qxe5 16. Nf3 Qd6 17. Nd4 Bd7 18. Bg4 Rac8 19. Bxd7 Qxd7 20. Qd3 Rxc1 21. Rxc1 Rc8 22. Rxc8+ Qxc8 23. g3 Qc1+ 24. Kg2 Qb2 25. Nb5 a6 26. Nd6 d4 27. Qc4 Kh7 28. Qxf7+ Bg7 29. exd4 Qxd4 30. Ne8 b5 31. Qxg7+ Qxg7 32. Nxg7 Kxg7 33. f4 Kf6 34. Kf3 Ke6 35. g4 Kd5 36. Ke3 b4 37. Kd3 g5 38. f5 a5 39. h3 Ke5 40. Kc4 h5 41. Kb5 hxg4 42. hxg4 Kf4 43. f6 Kxg4 44. f7 Kh3 45. f8=Q g4 46. Kxa5 g3 47. Kxb4 g2 48. Qf3+ Kh2 49. Qxg2+ 1-0


[Site "https://www.chess.com"]

[Event "Titled Tuesday Blitz February 28 Early 2023"]
[White "Alhadad, Mahmoud"]
[Black "Volkov, Maksim"]
[WhiteFideId "11501863"]
[BlackFideId "54123070"]
[WhiteElo "1955"]
[BlackElo "2328"]
[Result "0-1"]
[Round "01"]
[TimeControl "180+2"]
[Date "2023.02.28"]
[WhiteClock "0:00:04"]
[BlackClock "0:00:56"]

1. e4 c5 2. Nc3 d6 3. f4 g6 4. Nf3 Bg7 5. Bc4 Nc6 6. O-O e6 7. d4 Nxd4 8. Nxd4 Bxd4+ 9. Kh1 Ne7 10. f5 exf5 11. Bh6 Ng8 12. Qd2 Nxh6 13. Qxh6 Be6 14. Bb5+ Bd7 15. exf5 Bxc3 16. Rae1+ Be5 17. Qg7 Qe7 18. f6 Qf8 19. Bc4 O-O-O 20. Bxf7 Qxg7 21. fxg7 Bxg7 22. Bd5 Rhf8 23. c4 Be5 24. b3 Bc6 25. Bxc6 bxc6 26. g3 Kd7 27. Kg2 Ke7 28. Rf2 Rxf2+ 29. Kxf2 Rf8+ 30. Kg2 Ke6 31. Rd1 h5 32. Rd3 h4 33. a3 hxg3 34. hxg3 Rb8 35. Rf3 a5 36. a4 d5 37. cxd5+ cxd5 38. Kh3 c4 39. bxc4 dxc4 40. Kg4 c3 41. Kg5 c2 42. Rf1 Rb1 43. Kxg6 Rxf1 0-1


[Site "https://www.chess.com"]

[Event "Titled Tuesday Blitz February 28 Early 2023"]
[White "Fiorito, Joaquin"]
[Black "Ruiz Aguilar, Pablo Alexander"]
[WhiteFideId "180173"]
[BlackFideId "4401352"]
[WhiteElo "2157"]
[BlackElo "2138"]
[Result "1-0"]
[Round "01"]
[TimeControl "180+2"]
[Date "2023.02.28"]
[WhiteClock "0:00:16"]
[BlackClock "0:00:01"]

1. d4 d5 2. Nc3 c6 3. Bf4 Nf6 4. e3 Bf5 5. f3 e6 6. g4 Bg6 7. h4 h5 8. g5 Nfd7 9. Qd2 a6 10. Nh3 c5 11. Bg3 Nc6 12. Nf4 cxd4 13. exd4 Bf5 14. g6 Bxg6 15. Nxg6 fxg6 16. O-O-O Kf7 17. Bh3 Qf6 18. Rde1 Nxd4 19. Rxe6 Nxe6 20. Qxd5 Nb6 21. Qxb7+ Be7 22. Ne4 Qd4 23. Bf2 Qd7 24. Bxe6+ Kxe6 25. Qxb6+ Kf7 26. Rd1 Qe6 27. Qe3 Kg8 28. Re1 Re8 29. Qd3 Qf7 30. Bg3 Kh7 31. Qd7 Rhf8 32. Qd3 Kg8 33. Rf1 Rd8 34. Qxa6 Ra8 35. Qb7 Rxa2 36. Rf2 Ra1+ 37. Kd2 Rd8+ 38. Ke2 Rad1 39. Qb5 Qe6 40. Bf4 Qf5 41. Qc4+ Kh7 42. Be3 Bf8 43. Rg2 1-0


[Site "https://www.chess.com"]

[Event "Titled Tuesday Blitz February 28 Early 2023"]
[White "Liu, Casper"]
[Black "Ambartsumova, Karina"]
[WhiteFideId "1454153"]
[BlackFideId "4166299"]
[WhiteElo "2221"]
[BlackElo "2319"]
[Result "0-1"]
[Round "01"]
[TimeControl "180+2"]
[Date "2023.02.28"]
[WhiteClock "0:00:01"]
[BlackClock "0:00:04"]

1. d4 Nf6 2. c4 g6 3. Nc3 Bg7 4. e4 d6 5. h4 O-O 6. h5 c5 7. d5 e6 8. hxg6 fxg6 9. Bh6 exd5 10. Bxg7 Kxg7 11. Qd2 dxe4 12. Qh6+ Kg8 13. O-O-O Nc6 14. Nxe4 Qe7 15. Ng5 Bf5 16. N1f3 Nb4 17. Re1 Nxa2+ 18. Kd2 Qc7 19. Bd3 Qa5+ 20. Ke3 Rae8+ 21. Kf4 Bxd3 22. Rxe8 Nxe8+ 23. Kg3 Qc7 24. Nxh7 d5+ 25. Kg4 Bf5+ 26. Kg5 Qe7+ 27. Kf4 Qc7+ 28. Ke3 d4+ 29. Kd2 Qg7 30. Nf6+ Nxf6 31. Qf4 Ne4+ 32. Kd1 Nb4 33. Ng5 Bd7 34. Qg3 Nxg3 0-1


[Site "https://www.chess.com"]

[Event "Titled Tuesday Blitz February 28 Early 2023"]
[White "Kim, Sergey"]
[Black "Awoki, Daniel Teidi"]
[WhiteFideId "13700570"]
[BlackFideId "2100827"]
[WhiteElo "2613"]
[BlackElo "2083"]
[Result "1-0"]
[Round "01"]
[TimeControl "180+2"]
[Date "2023.02.28"]
[WhiteClock "0:01:01"]
[BlackClock "0:00:02"]

1. d4 Nf6 2. c4 e6 3. Nc3 Be7 4. e4 d6 5. Bd3 Nbd7 6. Nge2 e5 7. d5 a5 8. Ng3 Nc5 9. Bc2 O-O 10. O-O c6 11. h3 cxd5 12. exd5 Ne8 13. Nf5 Bxf5 14. Bxf5 g6 15. Bc2 f5 16. f4 e4 17. Be3 Bf6 18. Qd2 b6 19. Nb5 Nc7 20. Nd4 Qd7 21. a4 N7a6 22. Ra3 Nb4 23. Bb1 Qg7 24. Kh1 Nbd3 25. Ne6 Nxe6 26. Bxd3 Nc5 27. Bxc5 bxc5 28. Be2 Bxb2 29. Rb3 Rfb8 30. Rxb8+ Rxb8 31. Qxa5 Qb7 32. Rb1 Qc8 33. Qa7 Rb7 34. Qa6 Qb8 35. a5 Ra7 36. Qb6 Rb7 37. Qc6 Rb4 38. a6 Bd4 39. Rf1 Rb6 40. Qa4 Qa7 41. Qe8+ Kg7 42. g4 fxg4 43. f5 1-0


[Site "https://www.chess.com"]

[Event "Titled Tuesday Blitz February 28 Early 2023"]
[White "Smith, Garrett L"]
[Black "Shapiro, Viktor"]
[WhiteFideId "2024829"]
[BlackFideId "4175700"]
[WhiteElo "2298"]
[BlackElo "2132"]
[Result "1-0"]
[Round "01"]
[TimeControl "180+2"]
[Date "2023.02.28"]
[WhiteClock "0:00:18"]
[BlackClock "0:00:03"]

1. e4 Nf6 2. e5 Nd5 3. d4 d6 4. Nf3 Bg4 5. Be2 e6 6. O-O Be7 7. h3 Bh5 8. c4 Nb6 9. Nc3 O-O 10. Be3 Nc6 11. exd6 cxd6 12. d5 exd5 13. cxd5 Bxf3 14. Bxf3 Ne5 15. Be2 Rc8 16. Bd4 a6 17. Re1 Nbd7 18. f4 Ng6 19. Qd2 Bf6 20. Bf3 Nc5 21. Re2 b5 22. Rae1 b4 23. Ne4 Nxe4 24. Rxe4 a5 25. g3 Bxd4+ 26. Qxd4 Rc2 27. h4 Nxh4 28. gxh4 Qxh4 29. R1e2 Rc1+ 30. Kg2 Qh1+ 31. Kg3 Rg1+ 32. Rg2 Rxg2+ 33. Bxg2 Qc1 34. Re7 g6 35. b3 Rc8 36. Bf3 h5 37. Qf6 Qg1+ 38. Bg2 Rc3+ 39. Kh4 Qf2+ 40. Kg5 Qxg2+ 41. Kh6 Qxd5 42. Re8# 1-0


[Site "https://www.chess.com"]